 Dungeon Crawl Stone Soup version 0.31-a0-819-gf6de2f5ab6 (webtiles) character file.

Game seed: 17174829606578997066

13530 themarg the Grappler (level 11, 0/107 (117) HPs)
             Began as a Troll Fighter on Sept 24, 2023.
             Was a High Priest of Lugonu.
             Slain by a hell rat (14 damage)
             ... on level 1 of the Lair of Beasts.
             The game lasted 00:28:53 (11112 turns).

themarg the Grappler (Troll Fighter)               Turns: 11112, Time: 00:28:54

HP:   0/107 (117)   AC:  7    Str: 30    XL:     11   Next: 76%
MP:   16/16         EV:  9    Int:  4    God:    Lugonu [*****.]
Gold: 519           SH:  9    Dex:  9    Spells: 10/10 levels left

rFire   + .          .
                       - Unarmed
rCold   . . .        b - +0 kite shield
rNeg    + . .        F - +0 steam dragon scales
rPois   .            (helmet restricted)
rElec   .            (no cloak)
rCorr   .            (gloves unavailable)
SInv    .            (boots unavailable)
Will    .....        (no amulet)
Stlth   +            V - ring of protection from fire
HPRegen 1.17/turn    A - ring of positive energy
MPRegen 0.15/turn

%: no passive effects
@: drained
A: large, unfitting armour, claws 3, regeneration 1, shaggy fur 1, tough skin 1
a: Renounce Religion, Depart the Abyss, Banish, Corrupt, Enter the Abyss


You were on level 1 of the Lair of Beasts.
You worshipped Lugonu.
Lugonu was extremely pleased with you.
You visited 3 branches of the dungeon, and saw 13 of its levels.
You also visited: Ossuary and Bailey.

You collected 519 gold pieces.

Inventory:

Hand Weapons
 J - the +4 dagger "Humnat" {heavy, rC+ Will- Int+2 Dex+3}
   (You found it on level 10 of the Dungeon)

   Int+2:     It affects your intelligence (+2).
   Dex+3:     It affects your dexterity (+3).
   rC+:       It protects you from cold.
   Will-:     It decreases your willpower.
 S - the +4 hand axe "Zutreg" {heavy, Fly rF- Dex+3}
   (You took it off an orc warrior on level 9 of the Dungeon)

   Dex+3:     It affects your dexterity (+3).
   rF-:       It makes you vulnerable to fire.
   Fly:       It grants you flight.
 U - a +0 flail
Missiles
 d - 2 large rocks (quivered)
 f - 69 stones
 t - 27 poisoned darts
 G - 6 javelins
 L - 5 boomerangs
 N - a curare-tipped dart
 X - 3 datura-tipped darts
Armour
 a - a +0 robe
 b - a +0 kite shield (worn)
 F - +0 steam dragon scales (worn)
 Q - a +0 cloak
Jewellery
 i - a ring of resist corrosion
 j - a ring of flight
 A - a ring of positive energy (right claw)
 K - a ring of ice
 O - a +5 ring of evasion
 V - a ring of protection from fire (left claw)
 Y - a ring of protection from cold
Wands
 p - a wand of acid (12)
 u - a wand of charming (8)
 x - a wand of iceblast (23)
 B - a wand of flame (36)
Scrolls
 e - 8 scrolls of amnesia
 g - 3 scrolls of fog
 o - 2 scrolls of enchant armour
 v - 2 scrolls of immolation
 w - 4 scrolls of teleportation
 y - a scroll of acquirement {unknown}
 C - a scroll of butterflies {unknown}
 H - 3 scrolls of enchant weapon
 I - 3 scrolls of poison
 M - 3 scrolls of fear {unknown}
 P - a scroll of silence {unknown}
 W - a scroll of torment
 Z - a scroll of vulnerability
Potions
 c - 8 potions of might
 h - 3 potions of invisibility
 k - 3 potions of lignification
 l - 6 potions of heal wounds
 m - 2 potions of magic {unknown}
 n - 8 potions of curing
 q - 5 potions of mutation
 r - 2 potions of brilliance
 s - a potion of cancellation {unknown}
 z - 2 potions of enlightenment
 D - 6 potions of haste
 E - 2 potions of resistance
 R - a potion of attraction {unknown}
Miscellaneous
 T - a lightning rod (4/4)


   Skills:
 - Level 10.0 Fighting
 - Level 2.0 Throwing
 - Level 2.4 Dodging
 + Level 7.8 Shields
 - Level 10.0 Unarmed Combat
 - Level 8.0 Invocations


You had 10 spell levels left.
You didn't know any spells.
Your spell library contained the following spells:

 Spells                   Type           Power      Damage    Failure   Level
 Apportation              Tloc           0%         N/A       67%         1
 Necrotise                Necr           0%         1d4       67%         1
 Summon Small Mammal      Summ           0%         N/A       67%         1
 Cigotuvi's Dreadful Rot  Necr/Pois/Air  0%         N/A       82%         2
 Jinxbite                 Hex            0%         N/A       82%         2
 Scorch                   Fire           0%         2d5       82%         2
 Sublimation of Blood     Necr           0%         N/A       82%         2
 Wereblood                Tmut           0%         N/A       82%         2
 Dispel Undead            Necr           0%         3d6       100%        4
 Flame Wave               Conj/Fire      0%         2d4       100%        4
 Alistair's Intoxication  Tmut/Pois      0%         N/A       100%        5
 Death Channel            Necr           0%         N/A       100%        6
 Summon Cactus Giant      Summ           0%         N/A       100%        6
 Summon Hydra             Summ           0%         N/A       100%        7


Dungeon Overview and Level Annotations

Branches:
Dungeon (11/15)            Temple (1/1) D:4            Lair (1/5) D:10
Ossuary (visited)          Bailey (visited)
    Orc: D:9-12

Altars:
Ashenzari
Cheibriados
Dithmenos
Elyvilon
Fedhas
Gozag
Hepliaklqana
Kikubaaqudgha
Makhleb
Nemelex Xobeh
Okawaru
Qazlal
Ru
Sif Muna
Trog
Uskayaw
Vehumet
Wu Jian
Xom
Yredelemnul
Zin
The Shining One
Lugonu

Shops:
D:4 :   D:5 (   D:8 [   D:10 *

Annotations:
D:7 2 transporters, demibob's ghost, novice MfCK
D:9 exclusion: orange crystal statue
D:10 3 runed translucent doors, dialectric's ghost, novice MiFi
Lair:1 2 exclusions
Abyss:1 Duvessa, Jeremiah, Sigmund


Innate Abilities, Weirdness & Mutations

You are too large for most types of armour.
You have claws for hands.
Your natural rate of healing is unusually fast.
You are covered in fur. (AC +1)
You have tough skin. (AC +1)


Message History

You feel drained. The hell rat bites you! x2
You mangle the hell rat!!
You kill the hell rat!
Lugonu accepts your kill. The hell rat bites you. You partially resist.
You feel drained. The hell rat bites you! You block the hell rat's attack.
You claw the hell rat!
The hell rat is almost dead.
The hell rat bites you. You partially resist.
You feel drained. The hell rat barely misses you.
You block the hell rat's attack.
You mangle the hell rat!!
You kill the hell rat!
Lugonu accepts your kill. The hell rat bites you. The hell rat bites you!
You partially resist.
You feel drained. The hell rat barely misses you.
You closely miss the hell rat. The hell rat bites you. You partially resist.
You feel drained. The hell rat barely misses you.
You block the hell rat's attack.
The hell rat bites you but does no damage.
You claw the hell rat!
The hell rat is severely wounded.
The hell rat barely misses you.
The hell rat bites you but does no damage.
The hell rat closely misses you. You block the hell rat's attack.
You barely miss the hell rat.
The hell rat is severely wounded.
The hell rat bites you. You partially resist.
You feel drained. The hell rat bites you!
* * * LOW HITPOINT WARNING * * *
The hell rat closely misses you. You block the hell rat's attack.
The hell rat bites you!
* * * LOW HITPOINT WARNING * * *
You partially resist.
You feel drained.
* * * LOW HITPOINT WARNING * * *
You scratch the hell rat.
The hell rat is almost dead.
You block the hell rat's attack.
The hell rat bites you but does no damage.
You block the hell rat's attack. The hell rat bites you!
You die...

#.......## #.......P#
#.......## . # #.......#
..
####.......##########...
........................
........................
................rr......
................@r......
.................r......
........................
........................
#######.#..#########.###
# ###### ##


You could see 4 hell rats.

Vanquished Creatures
  A two-headed ogre (D:10)
  Erica (D:9)
  Pikel (D:4)
  Maurice (D:9)
  A gargoyle (D:11)
  4 molten gargoyles (D:10)
  Psyche (D:8)
  Maggie (D:6)
  2 trolls (D:10)
  Grinder (D:4)
  3 wraiths
  25 yaks
  A wyvern (D:8)
  2 steam dragons
  2 vampire mosquitoes (D:10)
  Menkaure (D:4)
  An ice beast (D:3)
  4 orc warriors
  5 black bears
  2 ogres (D:7)
  6 centaurs
  A lemure (D:4)
  2 kobold brigands
  Blork the orc (D:6)
  7 bullfrogs
  An elf zombie (Ossuary)
  A scorpion (D:6)
  Dowan (D:6)
  5 killer bees (D:8)
  6 howler monkeys
  3 hounds
  A lava snake (D:10)
  A gnoll bouda (D:6)
  A jelly (D:6)
  2 orc priests (D:9)
  Ijyb (D:5)
  2 iguanas
  2 orc wizards (D:9)
  2 hell rats (Lair:1)
  3 mummies (Ossuary)
  4 adders
  16 gnolls
  A shadow imp (D:6)
  2 white imps
  An ufetubus (D:5)
  6 worms
  A dart slug (D:2)
  27 orcs
  5 ball pythons
  5 bats
  4 endoplasms
  2 giant cockroaches
  8 goblins
  8 hobgoblins
  4 jackals
  4 quokkas
  2 goblin zombies (Ossuary)
  4 hobgoblin zombies (Ossuary)
  13 kobolds
  4 kobold zombies (Ossuary)
  8 rats
238 creatures vanquished.

Notes
Turn   | Place    | Note
-------+----------+-------------------------------------------
     0 | D:1      | themarg the Troll Fighter began the quest for the Orb.
     0 | D:1      | Reached XP level 1. HP: 22/22 MP: 0/0
   272 | D:1      | Reached skill level 1 in Throwing
   272 | D:1      | Reached XP level 2. HP: 29/29 MP: 1/1
   407 | D:1      | Found a faded altar of an unknown god.
   421 | D:1      | Prayed at the altar of an unknown god.
   421 | D:1      | Became a worshipper of Lugonu the Unformed
   421 | D:1      | Reached * piety under Lugonu
   991 | D:2      | Reached XP level 3. HP: 31/36 MP: 2/2
  1249 | D:2      | Reached ** piety under Lugonu
  1599 | D:3      | Reached XP level 4. HP: 45/45 MP: 3/3
  1671 | D:3      | Noticed an ice beast
  1682 | D:3      | Killed an ice beast
  1683 | D:3      | Reached skill level 1 in Invocations
  1683 | D:3      | Reached XP level 5. HP: 33/53 MP: 3/5
  1714 | D:3      | Noticed Sigmund
  1734 | D:3      | Banished Sigmund
  1735 | D:3      | Reached XP level 6. HP: 62/62 MP: 1/6
  2655 | D:4      | Found a staircase to the Ecumenical Temple.
  2667 | Temple   | Entered the Ecumenical Temple
  2805 | D:4      | Noticed Pikel
  2819 | D:4      | Killed Pikel
  2820 | D:4      | Reached skill level 5 in Unarmed Combat
  2820 | D:4      | Reached XP level 7. HP: 48/71 MP: 8/8
  2878 | D:4      | Found Anoeked's Vocational Training.
  3086 | D:4      | Noticed Menkaure
  3090 | D:4      | Killed Menkaure
  3091 | D:4      | Reached skill level 5 in Fighting
  3217 | D:4      | Noticed Grinder
  3220 | D:4      | Killed Grinder
  3221 | D:4      | Reached XP level 8. HP: 80/80 MP: 10/10
  3285 | D:5      | Entered Level 5 of the Dungeon
  3290 | D:5      | Noticed Ijyb
  3313 | D:5      | Killed Ijyb
  3588 | D:5      | Found Icker's Weapon Emporium.
  3930 | D:5      | Reached skill level 5 in Invocations
  4066 | D:6      | Noticed Jeremiah
  4317 | D:6      | Banished Jeremiah
  4321 | D:6      | Reached XP level 9. HP: 43/92 MP: 6/11
  4401 | D:6      | Noticed Dowan
  4432 | D:6      | Killed Dowan
  4449 | D:6      | Noticed Duvessa
  4470 | D:6      | Banished Duvessa
  4744 | D:6      | Noticed Blork the orc
  4748 | D:6      | Killed Blork the orc
  4814 | D:6      | Noticed Maggie
  4828 | D:6      | Killed Maggie
  4970 | D:7      | Noticed a queen bee
  5404 | D:7      | Noticed demibob's ghost (novice MfCK)
  5427 | D:7      | Found a transporter.
  5432 | D:7      | Found a transporter.
  5728 | D:8      | Found Pabbul's Armour Shoppe.
  5739 | D:8      | Reached *** piety under Lugonu
  5774 | D:8      | Found a flagged portal.
  5782 | Bailey   | Entered a bailey
  5945 | Bailey   | Reached XP level 10. HP: 86/87 MP: 12/12
  6033 | D:8      | Found a bloodstained altar of Trog.
  6144 | D:8      | Noticed Psyche
  6158 | D:8      | Killed Psyche
  6388 | D:8      | Found a sand-covered staircase.
  6397 | Ossuary  | Entered an ossuary
  6446 | Ossuary  | Reached **** piety under Lugonu
  7263 | D:8      | Found a sparkling altar of Nemelex Xobeh.
  7486 | D:8      | Reached skill level 10 in Unarmed Combat
  7763 | D:9      | Noticed Maurice
  7898 | D:9      | Killed Maurice
  7899 | D:9      | Reached skill level 10 in Fighting
  8021 | D:9      | Identified the +4 hand axe "Zutreg" {heavy, Fly rF- Dex+3}
  8154 | D:9      | Found the +3 Mad Mage's Maulers {Infuse+∞ VampMP -Cast}
  8190 | D:9      | Noticed Erica
  8421 | D:9      | Noticed an orange crystal statue
  8823 | D:9      | Reached XP level 11. HP: 58/117 MP: 14/14
  9247 | D:9      | Killed Erica
  9800 | D:10     | Entered Level 10 of the Dungeon
  9833 | D:10     | Found a staircase to the Lair.
  9936 | D:10     | Identified the +4 dagger "Humnat" {heavy, rC+ Will- Int+2
                  | Dex+3}
  9977 | D:10     | Reached skill level 5 in Shields
 10025 | D:10     | Noticed a two-headed ogre
 10028 | D:10     | Killed a two-headed ogre
 10303 | D:10     | Found a runed translucent gate.
 10303 | D:10     | Found a runed translucent gate.
 10303 | D:10     | Found a runed translucent gate.
 10303 | D:10     | Found an opulent altar of Gozag.
 10304 | D:10     | Noticed a red ugly thing
 10304 | D:10     | Noticed a four-headed hydra
 10304 | D:10     | Noticed dialectric's ghost (novice MiFi)
 10305 | D:10     | Noticed a boulder beetle
 10307 | D:10     | Found Xahaiw's Assorted Antiques.
 10457 | D:10     | You fall into a shaft and drop 1 floor!
 10777 | D:10     | Reached ***** piety under Lugonu
 10896 | Lair:1   | Entered Level 1 of the Lair of Beasts
 11112 | Lair:1   | Slain by a hell rat

Illustrated notes

Levels and vault maps discovered:
D:1:      saegor_arrival_fortress, layout_loops_ring,
          ebering_ecumenical_altar_rust
D:2:      layout_rooms, st_stairs_6, minmay_misc_feat_rugged, kennysheep_nub,
          minmay_misc_feat_enclosed, nrook_uturn
D:3:      layout_basic, nicolae_hexahallways, kennysheep_path_1,
          serial_bayou_pond_a, uniq_sigmund
D:4:      layout_gridville, minmay_temple_entry_wispy, nicolae_shop_vocational,
          uniq_menkaure, uniq_grinder, uniq_pikel
D:5:      layout_basic, serial_shops, shop, uniq_ijyb
D:6:      layout_gridville, uniq_maggie, uniq_duvessa, uniq_blork_the_orc,
          uniq_jeremiah
D:7:      layout_cave_pools, gammafunk_ghost_hive
D:8:      layout_basic, trog_ov_bears_minmay, nemelex_diamond_rough_becter,
          enter_bailey_2, serial_shops, nicolae_shop_advertising_works
          [nicolae_subvault_shop_adworks], lightli_ossuary_entry_decrepit_ruins,
          grunt_ministairs_6, uniq_psyche
D:9:      layout_irregular_city, minmay_protected_statue, uniq_erica,
          uniq_maurice
D:10:     layout_roguey, lair_entry_dummy, ebering_ghost_gozag,
          minmay_stone_trees_large, minivault_8
D:11:     layout_cross, hiddenorc1_lemuel, bh_walls_and_bars
Temple:   mainiacjoe_temple_big_plus
Lair:1:   layout_big_grid, gauntlet_entry_generic, grunt_megastairs_4,
          serial_bayou_shore_b

Skill      XL: |  1  2  3  4  5  6  7  8  9 10 11 |
---------------+----------------------------------+-----
Throwing       | 1 2 |  2.0
Fighting       | 3 4 5 6 8 10 | 10.0
Unarmed Combat | 3 4 5 7 9 10 | 10.0
Invocations    | 1 2 3 4 5 6 8 |  8.0
Shields        | 4 7 |  7.8
Dodging        | |  2.4

Action                     |  1- 3 |  4- 6 |  7- 9 | 10-12 || total
---------------------------+-------+-------+-------+-------++-------
  Melee: Unarmed           |   106 |    66 |   245 |   339 ||   756
  Throw: Large rock        |       |       |    14 |     6 ||    20
         Dart              |       |       |       |     6 ||     6
 Invoke: Banish            |       |     1 |     3 |       ||     4
    Use: Scroll            |       |     4 |     5 |    14 ||    23
         Potion            |       |       |       |     2 ||     2
   Stab: Sleeping          |       |     1 |       |       ||     1
 Armour: Robe              |    58 |    33 |    66 |       ||   157
         Steam dragon scal |       |       |   122 |   254 ||   376
         Skin              |       |       |       |    18 ||    18
  Dodge: Dodged            |    22 |    22 |   140 |   109 ||   293
  Block: Kite shield       |    33 |    20 |   103 |   141 ||   297

Table legend: (Time is in decaauts)
 A = Elapsed time spent in this place.
 B = Non-inter-level travel time spent in this place.
 C = Inter-level travel time spent in this place.
 D = Time resting spent in this place.
 E = Time spent auto-exploring this place.
 F = Levels seen in this place.
 G = Mean time per level.
                   A        B        C        D        E       F      G
               +--------+--------+--------+--------+--------+-----+--------+
         Total |  11119 |  10645 |    474 |    984 |   7436 |  15 |  741.3 |
       Dungeon |  10255 |   9781 |    474 |    919 |   7118 |  11 |  932.3 |
        Temple |      1 |      1 |      0 |      0 |      0 |   1 |    1.0 |
          Lair |    210 |    210 |      0 |     58 |      0 |   1 |  210.0 |
       Ossuary |    405 |    405 |      0 |      7 |    284 |   1 |  405.0 |
        Bailey |    245 |    245 |      0 |      0 |     34 |   1 |  245.0 |
               +--------+--------+--------+--------+--------+-----+--------+

Top non-repeatable levels by time:
     D:9: 2153 daAuts
     D:8: 1334 daAuts
     D:3: 1146 daAuts
    D:10: 1035 daAuts
     D:1: 964 daAuts
     D:5: 916 daAuts
     D:6: 770 daAuts
     D:7: 725 daAuts
     D:4: 662 daAuts
     D:2: 521 daAuts
 Ossuary: 405 daAuts
  Bailey: 245 daAuts
  Lair:1: 210 daAuts
    D:11: 25 daAuts
  Temple: 1 daAuts
